 Dungeon Crawl Stone Soup version 0.29.1-12-g30fa7ad0bf (webtiles) character file.

Game seed: 18068910941228180214

80728 Lutefisk the Marksant (level 16, -6/122 HPs)
             Began as a Formicid Arcane Marksman on Dec 18, 2022.
             Was a High Priest of Hepliaklqana.
             Mangled by a minotaur
             ... wielding a +2 great sword of holy wrath
              (16 damage)
             ... in a Gauntlet.
             The game lasted 02:06:37 (13888 turns).

Lutefisk the Marksant (Formicid Arcane Marksman)   Turns: 13888, Time: 02:06:38

Health: -6/122     AC: 16    Str: 20    XL:     16   Next: 15%
Magic:  19/19      EV: 24    Int: 16    God:    Hepliaklqana [*****.]
Gold:   1836       SH: 13    Dex: 18    Spells: 13/17 levels left

rFire   . . .      SeeInvis +   z - +0 longbow
rCold   . . .      Faith    .   v - +0 kite shield
rNeg    . . .      Spirit   .   M - +0 acid dragon scales
rPois   .          Reflect  .   (helmet unavailable)
rElec   .          Harm     .   I - +2 cloak
rCorr   +          Rampage  .   Z - +1 pair of gloves of the Present {Int+4}
Will    +....                   A - +0 pair of boots
Stlth   ++........              (no amulet)
HPRegen 0.30/turn               B - +4 ring of evasion
MPRegen 0.16/turn               u - +4 ring of evasion

@: mighty
A: reduced essence, permanent stasis, dig shafts and tunnels, antennae 3, four
strong arms
a: Dig, Renounce Religion, Recall Ancestor, Ancestor Identity, Transference,
Idealise


You were in a Gauntlet.
You worshipped Hepliaklqana.
Hepliaklqana was extremely pleased with you.
You visited 3 branches of the dungeon, and saw 22 of its levels.
You also visited: Gauntlet.

You collected 1836 gold pieces.

Inventory:

Hand Weapons
 q - the +3 sling of Icoexzac {venom, rC- Dex+4 SInv}
   (You found it on level 2 of the Lair of Beasts)

   Any ammunition fired from it poisons the flesh of those it strikes.
   Dex:       It affects your dexterity (+4).
   rC:        It makes you vulnerable to cold.
   SInv:      It lets you see invisible.
 y - a +1 short sword of electrocution
 z - a +0 longbow (weapon)
 L - the +8 demon trident "Rift" {distort, reach+}
   (You found it on level 5 of the Lair of Beasts)

   It warps and distorts space around it, and may blink, banish, or inflict
   extra damage upon those it strikes.
   Unwielding it can cause banishment or high damage.
   It can reach especially far, and its reaching attacks ignore other creatures
   in the way.
Missiles
 l - 3 javelins
 Q - 4 curare-tipped darts
Armour
 v - a +0 kite shield (worn)
 A - a +0 pair of boots (worn)
 I - a +2 cloak (worn)
 M - +0 acid dragon scales (worn)
 Z - the +1 pair of gloves of the Present (worn) {Int+4}
   (You found it on level 2 of the Lair of Beasts)

   Int:       It affects your intelligence (+4).
Magical Staves
 c - a staff of death
Jewellery
 h - a +6 ring of dexterity
 u - a +4 ring of evasion (right hand)
 B - a +4 ring of evasion (left hand)
 F - the ring of the Shrike {Drain rCorr Int+6 Dex+4 Stlth+}
   (You found it in a Gauntlet)

   [ring of intelligence]

   Int:       It affects your intelligence (+6).
   Dex:       It affects your dexterity (+4).
   rCorr:     It protects you from acid and corrosion.
   Drain:     It drains your maximum health when unequipped.
   Stlth:     It makes you more stealthy.
 O - a ring of resist corrosion
Wands
 C - a wand of paralysis (5)
 E - a wand of flame (27)
 G - a wand of roots (1)
Scrolls
 b - 2 scrolls of poison
 f - 2 scrolls of torment
 g - a scroll of acquirement {unknown}
 i - 2 scrolls of magic mapping
 j - 2 scrolls of fear
 k - 4 scrolls of enchant weapon
 p - a scroll of butterflies {unknown}
 t - 2 scrolls of amnesia
 w - 5 scrolls of vulnerability
 x - a scroll of silence {unknown}
 N - a scroll of brand weapon {unknown}
 P - a scroll of immolation
 R - 4 scrolls of enchant armour {unknown}
 T - a scroll of noise {unknown}
 V - 3 scrolls of blinking {unknown}
Potions
 d - 5 potions of might
 e - 2 potions of invisibility
 m - 3 potions of brilliance
 n - 4 potions of cancellation
 r - 9 potions of curing
 s - 3 potions of flight
 D - 5 potions of heal wounds
 H - 3 potions of lignification
 J - 9 potions of ambrosia
 K - a potion of resistance {unknown}
 S - 2 potions of attraction {unknown}
 U - a potion of degeneration {unknown}
 W - a potion of berserk rage {unknown}
 Y - 2 potions of mutation {unknown}
Miscellaneous
 a - a tin of tremorstones (2/2)
 o - a phantom mirror (inert)
 X - a condenser vane


   Skills:
 - Level 15.0 Fighting
 - Level 15.0 Ranged Weapons
 - Level 1.0 Throwing
 - Level 12.0 Armour
 - Level 9.0 Dodging
 - Level 3.0 Stealth
 * Level 13.4 Shields
 - Level 1.1 Spellcasting
 - Level 5.0 Hexes
 - Level 1.0 Fire Magic
 - Level 5.0 Invocations
 - Level 4.0 Evocations


You had 13 spell levels left.
You knew the following spells:

 Your Spells              Type           Power      Damage    Failure   Level
a - Slow                  Hex            64%        N/A       6%          1
b - Inner Flame           Hex/Fire       10%        N/A       36%         3

Your spell library contained the following spells:

 Spells                   Type           Power      Damage    Failure   Level
 Ensorcelled Hibernation  Hex/Ice        16%        N/A       24%         2
 Beastly Appendage        Tmut           0%         N/A       41%         1
 Shock                    Conj/Air       0%         1d3       41%         1
 Portal Projectile        Hex/Tloc       16%        N/A       43%         3
 Cause Fear               Hex            8%         N/A       50%         4
 Passwall                 Tmut/Erth      0%         N/A       56%         2
 Wereblood                Tmut           0%         N/A       56%         2
 Spider Form              Tmut/Pois      0%         N/A       80%         3
 Stone Arrow              Conj/Erth      0%         3d7       80%         3
 Airstrike                Air            0%         2d(0-16)  99%         4
 Animate Armour           Summ/Erth      0%         N/A       99%         4
 Borgnjor's Revivificati  Necr           0%         N/A       100%        8
 Lehudib's Crystal Spear  Conj/Erth      0%         10d2      100%        8
 Necromutation            Tmut/Necr      0%         N/A       100%        8
 Death's Door             Necr           0%         N/A       100%        9
 Swiftness                Air            Unusable   N/A       N/A         3

Dungeon Overview and Level Annotations

Branches:
Dungeon (15/15)            Temple (0/1) D:5            Lair (5/5) D:11
 Spider (0/4) Lair:2          Orc (2/2) D:11            Elf (0/3) Orc:2
 Depths (0/4) D:15        Gauntlet (1/1)
  Swamp: Lair:2-3    Shoals: Lair:2-3     Slime: Lair:4-5    Vaults: D:13-14

Altars:
Cheibriados
Elyvilon
Fedhas
Hepliaklqana
Kikubaaqudgha
Nemelex Xobeh
Qazlal
Ru
Vehumet
Wu Jian
Xom
The Shining One

Shops:
D:4 :   D:7 *   Orc:1 (   Orc:2 (:([

Annotations:
D:12 Kirke Gauntlet 7 transporters, 3 runed translucent doors


Innate Abilities, Weirdness & Mutations

Your life essence is reduced to manifest your ancestor. (-10% HP)
You cannot be hasted, slowed, berserked, paralysed or teleported.
You can dig through walls and to a lower floor.
You have a pair of large antennae on your head. (SInv)
Your four strong arms can wield two-handed weapons with a shield.


Message History

The grasping roots constrict the minotaur.
The minotaur hits you with a +2 great sword of holy wrath!
You block the minotaur's attack.
Fire: z) +0 longbow
Press: ? - help, Q - select action, (/) - cycle Shift-Dir - straight line, f/p - minotaur
Aim: a minotaur, wielding a +2 great sword of holy wrath, wearing the +4 skin of Zhor {*Englaciate rC+++ SInv} and quivering javelins (severely wounded, very poisoned, slow, constricted by roots, 95% to hit)
You shoot an arrow.
The arrow hits the minotaur but does no damage.
The minotaur is severely wounded.
The grasping roots constrict the minotaur.
The roots release their grip on the minotaur.
Aiming: Fastroot
Press: ? - help, Shift-Dir - straight line, f/p - minotaur
Aim: a minotaur, wielding a +2 great sword of holy wrath, wearing the +4 skin of Zhor {*Englaciate rC+++ SInv} and quivering javelins (severely wounded, poisoned, slow)
The roots erupt in riotous growth!
Roots grab the minotaur.
The grasping roots constrict the minotaur.
The minotaur is no longer moving slowly.
The minotaur hits you with a +2 great sword of holy wrath!!
* * * LOW HITPOINT WARNING * * *
The minotaur misses you.
Unknown command.
Fire: z) +0 longbow
Press: ? - help, Q - select action, (/) - cycle Shift-Dir - straight line, f/p - minotaur
Aim: a minotaur, wielding a +2 great sword of holy wrath, wearing the +4 skin of Zhor {*Englaciate rC+++ SInv} and quivering javelins (severely wounded, poisoned, constricted by roots, 95% to hit)
You shoot an arrow. The arrow hits the minotaur.
The minotaur is severely wounded.
The grasping roots constrict the minotaur, but do no damage.
The minotaur hits you with a +2 great sword of holy wrath!!
* * * LOW HITPOINT WARNING * * *
The minotaur gores you but does no damage.
Fire: z) +0 longbow
Press: ? - help, Q - select action, (/) - cycle Shift-Dir - straight line, f/p - minotaur
Aim: a minotaur, wielding a +2 great sword of holy wrath, wearing the +4 skin of Zhor {*Englaciate rC+++ SInv} and quivering javelins (severely wounded, poisoned, constricted by roots, 95% to hit)
You shoot an arrow. The arrow hits the minotaur!
The minotaur is severely wounded.
The grasping roots constrict the minotaur!
The roots release their grip on the minotaur.
The minotaur hits you with a +2 great sword of holy wrath!
You die...

#.♣.♣.©.©.©.©.♣.♣
#................
#########.#######
#.............#
#.#######.###.#
#.........#
#.#######.# #.##
##.# #.@# #..#
##H# #### #(#
#.(..H..#
#########


You could see a minotaur (poisoned).

Vanquished Creatures
  An orc warlord (Orc:1)
  Snorg (D:10)
  Erolcha (D:13)
  2 boulder beetles
  5 hydras
  An ogre mage (Orc:2)
  10 two-headed ogres
  4 death yaks (Lair:1)
  A wizard (D:11)
  2 ugly things (D:13)
  A worldbinder (Gauntlet)
  3 cyclopes
  2 elephants (Lair:5)
  A black mamba (Lair:1)
  7 cane toads
  An orange demon (D:8)
  4 rime drakes
  A gargoyle (D:13)
  An unseen horror (D:9)
  4 komodo dragons
  6 trolls
  A queen bee (D:9)
  A tyrant leech (Gauntlet)
  7 polar bears
  3 hornets
  6 dream sheep (Lair:2)
  9 blink frogs
  A shadow (D:9)
  A spriggan (Lair:5)
  A basilisk (Lair:3)
  A wraith (D:9)
  29 yaks
  3 wyverns
  A vampire mosquito (D:13)
  A steam dragon (D:9)
  4 wargs
  2 swamp worms (Gauntlet)
  An acid dragon (D:11)
  7 water moccasins
  5 black bears
  5 orc warriors
  5 centaurs
  A boggart (Gauntlet)
  18 ogres
  3 wolves
  A phantom (D:6)
  6 bullfrogs
  5 kobold brigands
  5 scorpions
  A necrophage (D:4)
  3 gnoll sergeants
  2 wights (D:7)
  11 killer bees
  4 electric eels
  5 howler monkeys
  Crazy Yiuf (D:3)
  A gnoll bouda (D:7)
  2 jellies
  5 orc priests
  2 hounds
  2 iguanas
  9 orc wizards
  5 hell rats
  13 gnolls
  5 adders
  2 shadow imps
  2 white imps
  2 ufetubi
  A worm (D:2)
  2 dart slugs
  48 orcs
  6 bats
  4 endoplasms
  4 giant cockroaches
  6 goblins
  10 hobgoblins
  A quokka (D:1)
  5 ball pythons
  A frilled lizard (D:2)
  18 kobolds
  4 rats
379 creatures vanquished.

Vanquished Creatures (collateral kills)
  2 hydras
  4 ogre magi
  A boulder beetle (D:12)
  8 two-headed ogres
  2 centaur warriors
  2 death yaks (Lair:4)
  Sonja (Lair:4)
  A fire crab (shapeshifter) (D:13)
  Amaemon (D:8)
  A lindwurm (Lair:5)
  A deep elf pyromancer (D:12)
  3 orc sorcerers
  An ugly thing (D:11)
  A manticore (D:13)
  A cyclops (D:9)
  2 black mambas
  2 elephants (Lair:5)
  A cane toad (shapeshifter) (D:13)
  3 komodo dragons
  An efreet (D:13)
  7 cane toads
  A rime drake (Lair:5)
  A hornet (Gauntlet)
  3 polar bears (Lair:1)
  2 trolls
  6 blink frogs
  A dream sheep (Lair:2)
  A shadow (D:11)
  A wyvern (Lair:1)
  2 hogs (D:12)
  41 yaks
  4 basilisks
  4 vampire mosquitoes
  2 swamp worms (Gauntlet)
  4 wargs
  3 acid dragons
  5 water moccasins
  10 orc warriors
  An ice beast (D:8)
  4 wolves
  2 black bears (Lair:1)
  4 centaurs
  A boggart (Gauntlet)
  13 ogres
  5 kobold brigands
  A bullfrog (Lair:1)
  2 gnoll sergeants
  3 scorpions
  9 killer bees
  2 electric eels (Lair:1)
  2 howler monkeys
  8 orc priests
  Ijyb (D:5)
  7 orc wizards
  A hell rat (Lair:4)
  9 gnolls
  An adder (D:5)
  A worm (Lair:2)
  20 orcs
  4 kobolds (D:9)
238 creatures vanquished.

Vanquished Creatures (others)
  24 knights
  4 ancestors
  A demonic plant (Gauntlet)
  30 fungi
  53 plants
112 creatures vanquished.

Grand Total: 729 creatures vanquished

Notes
Turn   | Place    | Note
-------+----------+-------------------------------------------
     0 | D:1      | Lutefisk the Formicid Arcane Marksman began the quest for
                  | the Orb.
     0 | D:1      | Reached XP level 1. HP: 15/15 MP: 2/2
    90 | D:1      | Found a faded altar of an unknown god.
   137 | D:1      | Reached XP level 2. HP: 18/22 MP: 3/3
   382 | D:2      | Reached XP level 3. HP: 29/29 MP: 4/4
   794 | D:3      | Found a runed translucent door.
   795 | D:3      | Noticed Crazy Yiuf
   902 | D:3      | Reached XP level 4. HP: 35/35 MP: 5/5
   905 | D:3      | Reached skill level 1 in Stealth
   981 | D:3      | Reached skill level 1 in Armour
  1454 | D:4      | Reached XP level 5. HP: 24/42 MP: 3/6
  1491 | D:4      | You fall into a shaft and drop 3 floors!
  1664 | D:7      | Noticed an ice beast
  1702 | D:7      | Found Supsye Dust's Assorted Antiques.
  1714 | D:7      | Noticed a water moccasin
  1722 | D:7      | Killed a water moccasin
  1723 | D:7      | Reached skill level 1 in Evocations
  1723 | D:7      | Reached XP level 6. HP: 43/48 MP: 5/7
  1820 | D:6      | Reached skill level 5 in Fighting
  1820 | D:6      | Reached XP level 7. HP: 43/56 MP: 8/8
  1889 | D:6      | Found a sacrificial altar of Ru.
  1944 | D:6      | Found a shimmering altar of Xom.
  1998 | D:5      | Entered Level 5 of the Dungeon
  2248 | D:4      | Found a hazy altar of Hepliaklqana.
  2278 | D:4      | Became a worshipper of Hepliaklqana the Forgotten
  2371 | D:4      | Found Xar Wuothreri's Vocational Training.
  2512 | D:3      | Killed Crazy Yiuf
  2660 | D:4      | Found a stormy altar of Qazlal.
  2793 | D:4      | Reached XP level 8. HP: 66/67 MP: 9/9
  2820 | D:4      | Found a sparkling altar of Nemelex Xobeh.
  3147 | D:5      | Reached skill level 5 in Ranged Weapons
  3150 | D:5      | Found a staircase to the Ecumenical Temple.
  3417 | D:6      | Reached * piety under Hepliaklqana
  3538 | D:5      | Noticed Ijyb
  3550 | D:5      | Killed Ijyb
  3889 | D:5      | Reached XP level 9. HP: 66/66 MP: 10/10
  4352 | D:7      | Reached skill level 1 in Invocations
  4522 | D:7      | Reached skill level 5 in Armour
  4910 | D:8      | Found a blossoming altar of Fedhas.
  5068 | D:8      | Found a glowing golden altar of the Shining One.
  5123 | D:8      | Reached ** piety under Hepliaklqana
  5124 | D:8      | Remembered your ancestor Inhapi as a knight
  5240 | D:8      | Found an ancient bone altar of Kikubaaqudgha.
  5256 | D:8      | Noticed Amaemon
  5273 | D:8      | Noticed an orange demon
  5277 | D:8      | Killed Amaemon
  5278 | D:8      | Reached XP level 10. HP: 74/74 MP: 9/11
  5283 | D:8      | Killed an orange demon
  5316 | D:8      | Reached skill level 10 in Fighting
  5631 | D:9      | Reached skill level 5 in Dodging
  5632 | D:9      | Noticed a two-headed ogre
  5666 | D:9      | Killed a two-headed ogre
  5667 | D:9      | Reached XP level 11. HP: 82/82 MP: 12/14
  6010 | D:9      | Noticed a cyclops
  6011 | D:9      | Noticed a six-headed hydra
  6025 | D:9      | Noticed a cyclops
  6036 | D:9      | Killed a cyclops
  6174 | D:9      | Killed a six-headed hydra
  6227 | D:9      | Killed a cyclops
  6228 | D:9      | Reached skill level 1 in Throwing
  6529 | D:10     | Entered Level 10 of the Dungeon
  6561 | D:10     | Found a white marble altar of Elyvilon.
  6671 | D:10     | Learned a level 3 spell: Inner Flame
  6719 | D:10     | Reached XP level 12. HP: 91/91 MP: 15/15
  6724 | D:10     | Reached skill level 1 in Fire Magic
  6729 | D:10     | Noticed Snorg
  6730 | D:10     | Reached skill level 10 in Ranged Weapons
  6986 | D:10     | Noticed a two-headed ogre
  6995 | D:10     | Killed a two-headed ogre
  6996 | D:10     | Reached skill level 5 in Invocations
  7095 | D:10     | Found a radiant altar of Vehumet.
  7111 | D:10     | Reached *** piety under Hepliaklqana
  7115 | D:10     | Found an ornate altar of the Wu Jian Council.
  7159 | D:10     | Killed Snorg
  7248 | D:11     | Found Xippeps's Jewellery Emporium.
  7277 | D:11     | Found a staircase to the Lair.
  7382 | D:11     | Found a staircase to the Orcish Mines.
  7472 | Lair:1   | Entered Level 1 of the Lair of Beasts
  7526 | Lair:1   | Noticed a death yak
  7526 | Lair:1   | Noticed a death yak
  7526 | Lair:1   | Noticed a death yak
  7527 | Lair:1   | Noticed a death yak
  7564 | Lair:1   | Noticed a six-headed hydra
  7575 | Lair:1   | Killed a six-headed hydra
  7681 | Lair:1   | Reached skill level 10 in Armour
  7718 | Lair:1   | Reached XP level 13. HP: 97/97 MP: 16/16
  8394 | Lair:2   | Reached skill level 5 in Hexes
  8481 | Lair:2   | Identified the +1 pair of gloves of the Present {Int+4}
  8642 | Lair:2   | Identified the +3 sling of Icoexzac {venom, rC- Dex+4 SInv}
  8725 | Lair:2   | Reached **** piety under Hepliaklqana
  8867 | Lair:2   | Noticed a boulder beetle
  8886 | Lair:2   | Killed a boulder beetle
  8897 | Lair:2   | Found a hole to the Spider Nest.
  9043 | Lair:3   | Found a snail-covered altar of Cheibriados.
  9361 | Lair:3   | Reached XP level 14. HP: 82/106 MP: 17/17
  9817 | Lair:4   | Reached ***** piety under Hepliaklqana
  9919 | Lair:5   | Entered Level 5 of the Lair of Beasts
 10083 | Lair:5   | Noticed Sonja
 10104 | Lair:4   | Killed Sonja
 10158 | Lair:4   | Reached skill level 15 in Ranged Weapons
 10500 | Lair:5   | Found the +8 demon trident "Rift" {distort, reach+}
 11457 | Orc:1    | Entered Level 1 of the Orcish Mines
 11464 | Orc:1    | Reached XP level 15. HP: 112/112 MP: 18/18
 11507 | Orc:1    | Noticed an orc warlord
 11513 | Orc:1    | Reached skill level 1 in Shields
 11521 | Orc:1    | Killed an orc warlord
 11668 | Orc:2    | Entered Level 2 of the Orcish Mines
 11815 | Orc:2    | Reached skill level 5 in Shields
 11926 | Orc:1    | Found Imoyrutz's Weapon Shop.
 12448 | Orc:2    | Reached skill level 10 in Shields
 12532 | Orc:2    | Found Sihuizor's Weapon Shop.
 12532 | Orc:2    | Found Poozagg's Weapon Shoppe.
 12533 | Orc:2    | Found Hockoiro's Book Shoppe.
 12533 | Orc:2    | Found Junorphunn's Armour Boutique.
 12566 | Orc:2    | Found a staircase to the Elven Halls.
 12805 | D:12     | Identified the +2 quarterstaff of True Grit {venom, Fragile
                  | rPois Str+2 Int+3}
 12894 | D:12     | Identified the +7 dagger of the Shore {vamp, rElec Will++
                  | rCorr Int-5}
 12983 | D:12     | Noticed Kirke
 13129 | D:13     | Noticed Erolcha
 13136 | D:13     | Killed Erolcha
 13346 | D:13     | Reached skill level 15 in Fighting
 13386 | D:13     | Reached XP level 16. HP: 80/122 MP: 19/19
 13567 | D:15     | Entered Level 15 of the Dungeon
 13571 | D:15     | Found a gate leading to a gauntlet.
 13584 | Gauntlet | Entered a Gauntlet
 13584 | Gauntlet | Found a transporter.
 13591 | Gauntlet | Found a transporter.
 13593 | Gauntlet | Found a transporter.
 13604 | Gauntlet | Found a transporter.
 13606 | Gauntlet | Found a transporter.
 13620 | Gauntlet | Found a transporter.
 13630 | Gauntlet | Found a runed translucent gate.
 13631 | Gauntlet | Found a transporter.
 13631 | Gauntlet | Found a runed translucent gate.
 13632 | Gauntlet | Found a runed translucent gate.
 13641 | Gauntlet | Found a transporter.
 13651 | Gauntlet | Found a transporter.
 13665 | Gauntlet | Found a transporter.
 13674 | Gauntlet | Found a transporter.
 13676 | Gauntlet | Found a transporter.
 13731 | Gauntlet | Found a transporter.
 13780 | Gauntlet | Identified the ring of the Shrike {Drain rCorr Int+6 Dex+4
                  | Stlth+}
 13888 | Gauntlet | Mangled by a minotaur

Illustrated notes

Levels and vault maps discovered:
D:1:      nzn_arrival_crosshair, layout_rooms, chequers_ecumenical_altar_island,
          chequers_serial_rivers_marsh
D:2:      layout_rooms
D:3:      layout_rooms, grunt_ministairs_10, minmay_cut_off,
          uniq_crazy_yiuf_cottage
D:4:      layout_loops_corners, nicolae_overflow_hidden_temple,
          nicolae_hepliaklqana_hazy_memory, amcnicky_altar_gilded,
          minmay_misc_feat_more_columns, nicolae_shop_vocational
D:5:      layout_layer_cave, temple_statues, nicolae_figureground_pulse,
          uniq_ijyb
D:6:      layout_layer_cave, nicolae_ru_sacrificial_ziggurat,
          mainiacjoe_overflow_24_doors
D:7:      layout_gridville, serial_shops, nicolae_shop_advertising_works
          [nicolae_subvault_shop_adworks], serial_co_window_serial,
          co_window_corner_a, co_window_of_opportunity_a, co_window_corner_a,
          co_window_corner_a, co_window_cross_1, co_window_broadway_b,
          co_window_corner_ca, co_window_unsneaky_path_e, co_window_paths_c,
          co_window_broadway_b, co_window_of_opportunity_c, co_window_2corner,
          glass_columns_a, glass_columns_b, glass_columns_c, glass_columns_a,
          st_stairs_5
D:8:      layout_basic, mainiacjoe_overflow_surrounded_room,
          mainiacjoe_overflow_concentric_impassable,
          nicolae_tso_swordbearing_angel, hangedman_glass_teeth,
          minmay_misc_feat_tiny, uniq_amaemon
D:9:      minmay_chambers_of_sixes, layout_long_grid, special_room
          [special_room_bee], minmay_misc_feat_four_crosses, st_stairs_2
D:10:     layout_long_grid, nzn_wu_jian_council_hall,
          mainiacjoe_overflow_catwalk, nicolae_elyvilon_peaceful_grove,
          uniq_snorg
D:11:     layout_roguey, erik_lair_orcish_takeover,
          kennysheep_orc_monster_closet_entryway, serial_shops, shop,
          abandoned_shop, st_stairs_5
D:12:     layout_loops_ring, nicolae_sextant, uniq_kirke
D:13:     layout_rooms, uniq_erolcha
D:14:     kennysheep_big_flooded_room, layout_cave_pools,
          hangedman_vaults_entry_quadrant_bands, minmay_misc_feat_five
D:15:     grunt_enter_depths_magical_seal, layout_loops_corners,
          nicolae_qazlal_general_emergency, serial_rivers,
          chequers_serial_rivers_room_b, chequers_serial_rivers_small_b,
          chequers_serial_rivers_large_a, chequers_serial_rivers_micro_c,
          chequers_serial_rivers_micro_b, chequers_serial_rivers_micro_a,
          gauntlet_entry_generic
Lair:1:   beast_lair_carwin_large_4, layout_long_grid, serial_bayou_pond_c,
          serial_bayou_shore_a
Lair:2:   layout_gridlike, elwin_shoals_entry_rooms,
          nicolae_spider_entry_non_spiders, beast_lair_carwin_3,
          infiniplex_staircase_pool
Lair:3:   layout_loops_ring, basic_altar, infiniplex_staircase_pool_2,
          grunt_megastairs_5
Lair:4:   layout_regular_city
Lair:5:   minmay_lair_end_enchanted_forest, layout_cave_pods, slime_entry_1,
          bobbens_ice_dragon_lair, grunt_megastairs_3, uniq_sonja
Orc:1:    layout_caves, serial_shops, nicolae_lakefront_shop
Orc:2:    st_orc_ogre_mass, layout_caves, nicolae_orc_lost_temple
Gauntlet: minmay_gauntlet_77_tree [minmay_gauntlet_arena_77_double_cross,
          minmay_gauntlet_arena_77_fan,
          minmay_gauntlet_arena_77_radiant_squares,
          minmay_gauntlet_arena_77_two_paths,
          minmay_gauntlet_arena_77_hold_the_fort,
          minmay_gauntlet_arena_77_run_for_it,
          minmay_gauntlet_arena_77_p_blocks, dreamdust_gauntlet_exit_labyrinth]

Skill      XL: |  1  2  3  4  5  6  7  8  9 10 11 12 13 14 15 16 |
---------------+-------------------------------------------------+-----
Fighting       | 2 3 4 5 7 8 9 10 12 13 15 | 15.0
Stealth        | 2 3 |  3.0
Armour         | 2 3 4 6 7 8 10 11 12 | 12.0
Ranged Weapons | 3 4 5 8 9 12 13 15 | 15.0
Evocations     | 1 3 4 |  4.0
Dodging        | 2 3 4 5 6 8 9 |  9.0
Invocations    | 1 4 5 |  5.0
Throwing       | 1 |  1.0
Hexes          | 4 5 |  5.0
Fire Magic     | 1 |  1.0
Shields        | 12 13 | 13.4
Spellcasting   | |  1.1

Action                   |  1- 3 |  4- 6 |  7- 9 | 10-12 | 13-15 | 16-18 || total
-------------------------+-------+-------+-------+-------+-------+-------++-------
Melee: Whip              |    22 |       |    13 |       |       |       ||    35
       Spear             |    32 |    48 |       |       |       |       ||    80
       Morningstar       |       |    44 |       |       |       |       ||    44
       Punch             |       |     1 |     3 |     1 |       |       ||     5
       Flail             |       |     5 |       |       |       |       ||     5
       Short sword       |       |    17 |   218 |   119 |    45 |       ||   399
       Trident           |       |       |     1 |       |       |       ||     1
 Fire: Sling             |    90 |    34 |    33 |       |    16 |       ||   173
       Shortbow          |       |       |    87 |   125 |       |       ||   212
       Longbow           |       |       |       |   217 |  1031 |    81 ||  1329
Throw: Javelin           |       |     1 |       |       |       |       ||     1
       Dart              |       |       |       |     1 |    15 |     3 ||    19
 Cast: Slow              |     2 |    10 |    11 |     2 |     6 |       ||    31
Invok: Recall Ancestor   |       |       |     6 |     8 |    15 |       ||    29
       Ancestor Life: Kn |       |       |     1 |       |       |       ||     1
       Idealise          |       |       |       |       |     1 |       ||     1
 Abil: Dig               |       |       |       |     1 |     2 |       ||     3
Evoke: Wand              |       |       |       |     2 |    15 |     3 ||    20
       Condenser vane    |       |       |       |       |     1 |       ||     1
       Phantom mirror    |       |       |       |       |       |     1 ||     1
  Use: Scroll            |       |     6 |     3 |     2 |    11 |     1 ||    23
       Potion            |       |       |     4 |       |       |     1 ||     5
 Stab: Distracted        |       |       |     3 |     1 |       |       ||     4
Armor: Robe              |    20 |       |       |       |       |       ||    20
       Ring mail         |       |    23 |    68 |     2 |       |       ||    93
       Acid dragon scale |       |       |       |    27 |    85 |     1 ||   113
Dodge: Dodged            |    41 |    72 |   227 |   150 |   430 |    12 ||   932
Block: Buckler           |       |       |       |       |    27 |       ||    27
       Kite shield       |       |       |       |       |    17 |    13 ||    30
